 Dungeon Crawl Stone Soup version 0.17.1-3-g152610e (webtiles) character file.

1124 juanjsm the Covert (level 8, 0/37 HPs)
             Began as a Spriggan Enchanter on Mar 18, 2016.
             Splashed by a jelly's acid (3 damage)
             ... on level 6 of the Dungeon.
             The game lasted 00:35:21 (4860 turns).

juanjsm the Covert (Spriggan Enchanter)             Turns: 4860, Time: 00:35:22

Health: 0/37       AC: -3    Str:  4    XL:     8   Next: 13%
Magic:  19/26      EV: 21    Int: 18    God:
Gold:   128        SH:  6    Dex: 17    Spells: 4 memorised, 8 levels left

rFire  + . .     SeeInvis +     f - +1 dagger (venom)
rCold  . . .     Clarity  .     t - +2 robe {rN+}
rNeg   + . .     SustAt   .     v - +0 buckler
rPois  .         Gourm    .     (helmet restricted)
rElec  .         Spirit   .     x - +0 cloak
rCorr  .         Warding  .     (gloves unavailable)
rMut   .         Stasis   .     (boots unavailable)
MR     +....                    (no amulet)
Stlth  +++++.....               j - ring of magical power
                                g - ring of protection from fire

@: corroded equipment, very slightly contaminated, very quick, somewhat
resistant to hostile enchantments, quite stealthy
A: unfitting armour, see invisible, herbivore 3, speed 3, slow metabolism 2
a: no special abilities


You were on level 6 of the Dungeon.
You were hungry.

You visited 2 branches of the dungeon, and saw 7 of its levels.

You collected 338 gold pieces.
You spent 210 gold pieces at shops.

Inventory:

Hand Weapons
 f - a +1 dagger of venom (weapon)
 n - a +1 dagger of electrocution
 A - a +1 hand axe of chopping
 B - a +1 flail of holy wrath
Armour
 t - a +2 robe of positive energy (worn)
 v - a +0 buckler (worn)
 x - a +0 cloak (worn)
Jewellery
 g - a ring of protection from fire (left hand)
 j - a ring of magical power (right hand)
Wands
 r - a wand of teleportation (6)
 s - a wand of flame (21)
 H - a wand of paralysis (11)
Scrolls
 e - 8 scrolls of remove curse
 l - 9 scrolls of teleportation
 m - 3 scrolls of enchant weapon {unknown}
 y - 2 scrolls of magic mapping
 D - a scroll of recharging {unknown}
 G - a scroll of identify
Potions
 a - 2 potions of invisibility
 b - 2 potions of heal wounds
 h - a potion of cure mutation
 i - a potion of haste
 k - a potion of curing
 o - 3 potions of cancellation
 p - 2 potions of resistance
 q - a potion of flight
 u - a potion of might {unknown}
 w - a potion of brilliance {unknown}
 z - a potion of lignification {unknown}
 C - a potion of berserk rage {unknown}
 F - a potion of degeneration {unknown}
Books
 c - a book of Maledictions

   Spells                             Type                      Level
   a - Corona                         Hexes                        1
   b - Ensorcelled Hibernation        Hexes/Ice                    2
   c - Confuse                        Hexes                        3
   d - Tukima's Dance                 Hexes                        3
   e - Dazzling Spray                 Conjuration/Hexes            3
Comestibles
 d - 3 bread rations
 E - a royal jelly


   Skills:
 * Level 1.2 Fighting
 * Level 2.4 Short Blades
 * Level 6.0 Dodging
 * Level 9.3 Stealth
 * Level 1.6 Shields
 * Level 5.4 Spellcasting
 * Level 5.9 Hexes
 + Level 1.3 Ice Magic


You had 8 spell levels left.
You knew the following spells:

 Your Spells              Type           Power        Failure   Level  Hunger
a - Corona                Hex            ####...      1%          1    None
b - Ensorcelled Hibernat  Hex/Ice        ###...       10%         2    #......
c - Confuse               Hex            ####....     6%          3    ##.....
d - Dazzling Spray        Conj/Hex       ###.....     21%         3    ##.....


Dungeon Overview and Level Annotations

Branches:
Dungeon (6/15)             Temple (1/1) D:4

Altars:
Cheibriados
Dithmenos
Fedhas
Gozag
Kikubaaqudgha
Okawaru
Qazlal
Ru
Sif Muna
Trog
Vehumet
Zin
The Shining One

Shops:
D:4 [?

Annotations:
D:4 Natasha


Innate Abilities, Weirdness & Mutations

You are tiny and cannot use many weapons and most armour.
You have supernaturally acute eyesight.
You are a herbivore.
You cover ground extremely quickly.
You need consume almost no food.


Message History

Okay, then.
Casting: Ensorcelled Hibernation
Confirm with . or Enter, or press ? or * to list all spells.
Aiming: Confuse
Press: ? - help, Shift-Dir - straight line, f/p - jelly
Aim: a jelly (severely wounded, poisoned, chance to defeat MR: 64%)
The jelly appears confused.
You hit the jelly but do no damage.
Your hands burn!
The jelly is severely wounded.
The jelly hits you.
You are splashed with acid!
The acid corrodes you!
The acid burns!
* * * LOW HITPOINT WARNING * * *
You are too injured to fight recklessly!
You are too injured to fight recklessly!
You are too injured to fight recklessly!
You are too injured to fight recklessly!
You are too injured to fight recklessly!
You are too injured to fight recklessly!
You hit the jelly but do no damage.
Your hands burn!
You die...

........##... ...........
........# ..# ###........
........# #.#####........
........# #..............
........###..###.........
......$...#>.............
........†................
.......J..##............#
........@...............#
.........................
.......<.................
.........................
.....#...................
.....+...........##......
... #...........# #####.
.. #...........#
####........#


You could see a jelly (confused).

Vanquished Creatures
  Sigmund (D:2)
  Eustachio (D:5)
  Edmund (D:5)
  A phantom (D:6)
  Blork the orc (D:4)
  A scorpion (D:5)
  A centaur skeleton (D:4)
  2 hounds
  An orc priest (D:4)
  Ijyb (D:3)
  A giant frog skeleton (D:4)
  2 iguanas
  3 orc wizards (D:5)
  Natasha (D:4)
  A hound skeleton (D:5)
  9 adders
  3 worms
  10 orcs
  A giant cockroach (D:1)
  5 goblins
  6 hobgoblins
  9 kobolds
  3 ball pythons
  13 bats
  3 giant geckos
  A giant gecko skeleton (D:4)
  5 giant newts
  A jackal skeleton (D:4)
  2 quokkas
  3 rats
93 creatures vanquished.

Notes
Turn   | Place    | Note
--------------------------------------------------------------
     0 | D:1      | juanjsm the Spriggan Enchanter began the quest for the Orb.
     0 | D:1      | Reached XP level 1. HP: 9/9 MP: 5/5
     1 | D:1      | Noticed a dwarf
     3 | D:1      | Noticed an elf
     3 | D:1      | Noticed an octopode
     7 | D:1      | Noticed an elf
    10 | D:1      | Noticed a formicid
    10 | D:1      | Noticed a vampire
    12 | D:1      | Noticed a spriggan
    12 | D:1      | Noticed a minotaur
    14 | D:1      | Noticed a naga
    14 | D:1      | Noticed a minotaur
    14 | D:1      | Noticed a gargoyle
    18 | D:1      | Noticed a naga
    18 | D:1      | Noticed a naga
   322 | D:1      | Reached XP level 2. HP: 10/13 MP: 6/6
   326 | D:1      | Learned a level 2 spell: Ensorcelled Hibernation
  1125 | D:2      | Reached XP level 3. HP: 16/16 MP: 8/8
  1167 | D:2      | Learned a level 3 spell: Confuse
  1441 | D:2      | Reached skill level 5 in Stealth
  1587 | D:2      | Noticed Sigmund
  1601 | D:2      | Killed Sigmund
  1601 | D:2      | Reached skill level 6 in Stealth
  1601 | D:2      | Reached skill level 1 in Ice Magic
  1601 | D:2      | Reached XP level 4. HP: 4/21 MP: 10/10
  1601 | D:2      | Reached XP level 5. HP: 4/25 MP: 10/11
  2120 | D:3      | Noticed Ijyb
  2148 | D:3      | Killed Ijyb
  2347 | D:3      | Learned a level 3 spell: Dazzling Spray
  2384 | D:3      | Found a bloodstained altar of Trog.
  2385 | D:3      | Found a blossoming altar of Fedhas.
  2873 | D:4      | Found Gotapraje's Antique Armour Boutique.
  2901 | D:4      | Reached XP level 6. HP: 29/29 MP: 13/13
  2914 | D:4      | Reached skill level 5 in Dodging
  2922 | D:4      | Noticed Natasha
  2926 | D:4      | Killed Natasha
  2935 | D:4      | Reached skill level 5 in Hexes
  2962 | D:4      | Noticed Natasha
  3195 | D:4      | Found a staircase to the Ecumenical Temple.
  3242 | Temple   | Entered the Ecumenical Temple
  3556 | D:4      | Found Plog's Magic Scroll Shoppe.
  3560 | D:4      | Reached skill level 7 in Stealth
  3638 | D:4      | Bought a scroll of remove curse for 30 gold pieces
  3638 | D:4      | Bought a scroll of teleportation for 30 gold pieces
  3638 | D:4      | Bought a scroll of identify for 20 gold pieces
  3638 | D:4      | Bought a scroll of magic mapping for 35 gold pieces
  3638 | D:4      | Bought a scroll of magic mapping for 35 gold pieces
  3638 | D:4      | Bought a scroll of teleportation for 30 gold pieces
  3638 | D:4      | Bought a scroll of teleportation for 30 gold pieces
  3856 | D:4      | Noticed Blork the orc
  3865 | D:4      | Killed Blork the orc
  3865 | D:4      | Reached XP level 7. HP: 27/32 MP: 14/14
  3961 | D:5      | Entered Level 5 of the Dungeon
  3988 | D:5      | Noticed Edmund
  3991 | D:5      | Killed Edmund
  3991 | D:5      | Reached skill level 8 in Stealth
  3991 | D:5      | Reached skill level 1 in Shields
  4024 | D:5      | Found a glowing golden altar of the Shining One.
  4168 | D:5      | Found a glowing silver altar of Zin.
  4168 | D:5      | Noticed Eustachio
  4184 | D:5      | Killed Eustachio
  4184 | D:5      | Reached skill level 5 in Spellcasting
  4412 | D:5      | Reached skill level 9 in Stealth
  4423 | D:5      | Reached skill level 1 in Fighting
  4553 | D:5      | Reached XP level 8. HP: 37/37 MP: 17/17
  4711 | D:6      | Found a radiant altar of Vehumet.
  4860 | D:6      | Splashed by a jelly's acid

Action                   |  1- 3 |  4- 6 |  7- 9 || total
-------------------------+-------+-------+-------++-------
Melee: Dagger            |   103 |    79 |    57 ||   239
 Cast: Corona            |    17 |     8 |     6 ||    31
       Ensorcelled Hiber |    16 |    17 |     6 ||    39
       Confuse           |     3 |     6 |    10 ||    19
  Use: Scroll            |     4 |     4 |     4 ||    12
 Stab: Sleeping          |    17 |    24 |    10 ||    51
       Confused          |       |     5 |     5 ||    10
       Distracted        |       |       |     1 ||     1
  Eat: Pizza             |       |     1 |       ||     1
       Royal jelly       |       |     1 |       ||     1
